 Dungeon Crawl Stone Soup version 0.24-a0-170-gd8427f5388 (webtiles) character file.

Game seed: 778826323417360324

16457 temitten the Cleaver (level 12, -12/110 HPs)
             Began as a Deep Dwarf Fighter on Mar 11, 2019.
             Was a High Priest of Makhleb.
             Mangled by a frost giant
             ... wielding a +1 battleaxe of freezing
              (34 damage)
             ... in an ice cave.
             The game lasted 00:38:11 (8928 turns).

temitten the Cleaver (Deep Dwarf Fighter)           Turns: 8928, Time: 00:38:12

Health: -12/110    AC: 12    Str: 24    XL:     12   Next: 10%
Magic:  24/24 (15) EV:  9    Int: 10    God:    Makhleb [*****.]
Gold:   570        SH: 12    Dex: 15    Spells: 11/11 levels left

rFire    + . .     SeeInvis .   a - +1 war axe
rCold    + . .     Gourm    .   G - +0 shield
rNeg     . . .     Faith    .   w - +3 ring mail {rF+}
rPois    .         Spirit   .   z - +0 helmet
rElec    .         Reflect  .   (no cloak)
rCorr    .         Harm     .   (no gloves)
MR       ++...                  (no boots)
Stlth    +.........             (no amulet)
HPRegen  0.00/turn              h - +1 ring of protection
MPRegen  0.19/turn              I - ring of Ixkaitin {rC+ MR+ MP+9 Dex+3}

@: non-regenerating
A: damage resistance, heal wounds, sense surroundings 2, no regeneration
a: Heal Wounds, Minor Destruction, Lesser Servant of Makhleb, Major Destruction,
Greater Servant of Makhleb, Renounce Religion


You were in an ice cave.
You worshipped Makhleb.
Makhleb was extremely pleased with you.
You were not hungry.

You visited 2 branches of the dungeon, and saw 12 of its levels.
You also visited: Ice Cave.

You collected 570 gold pieces.

Inventory:

Hand Weapons
 a - a +1 war axe (weapon)
Missiles
 g - 210 stones (quivered)
 s - 46 sling bullets
 C - 2 silver javelins
Armour
 w - a +3 ring mail of fire resistance (worn)
   (You took it off Duvessa on level 5 of the Dungeon)
 z - a +0 helmet (worn)
   (You found it on level 5 of the Dungeon)
 G - a +0 shield (worn)
Jewellery
 b - an uncursed ring of flight
   (You found it on level 2 of the Dungeon)
 h - a +1 ring of protection (left hand)
   (You found it on level 1 of the Dungeon)
 u - an uncursed ring of resist corrosion
   (You found it on level 5 of the Dungeon)
 I - the ring of Ixkaitin (right hand) {rC+ MR+ MP+9 Dex+3}
   (You found it in an ice cave)

   [ring of magical power]

   It affects your dexterity (+3).
   It protects you from cold.
   It affects your resistance to hostile enchantments.
   It affects your magic capacity (+9).
Wands
 c - a wand of disintegration (5)
   (You found it on level 10 of the Dungeon)
 d - a wand of iceblast (15)
   (You found it on level 4 of the Dungeon)
 x - a wand of polymorph (15)
   (You found it on level 10 of the Dungeon)
 A - a wand of clouds (6)
   (You found it on level 6 of the Dungeon)
Scrolls
 f - a scroll of magic mapping
 i - 2 scrolls of remove curse {@r2}
 j - 2 scrolls of teleportation {@r4}
 n - 3 scrolls of enchant weapon
 y - a scroll of fear
Potions
 k - 7 potions of curing {@q1}
 m - 5 potions of haste {@q3}
 o - 3 potions of heal wounds {@q2}
 p - 4 potions of mutation {!q}
 q - a potion of berserk rage {unknown}
 r - 2 potions of might
 v - 2 potions of lignification {!q}
 B - 2 potions of flight
 D - a potion of degeneration {unknown}
 E - 2 potions of agility
 F - 3 potions of magic
 H - 2 potions of brilliance {unknown}
Comestibles
 e - 24 rations {!d}
 l - 16 chunks of flesh


   Skills:
 + Level 8.0 Fighting
 * Level 12.7 Axes
 + Level 9.6 Armour
 + Level 9.6 Shields
 + Level 9.2 Invocations
 - Level 4.0 Evocations


You had 11 spell levels left.
You didn't know any spells.
Your spell library contained the following spells:

 Spells                   Type           Power        Failure   Level  Hunger
 Sandblast                Erth           #.....       73%         1    ##.....
 Passwall                 Tmut/Erth      #.......     86%         2    ###....
 Stone Arrow              Conj/Erth      #.....       97%         3    ####...
 Petrify                  Tmut/Erth      #.......     100%        4    #####..
 Lee's Rapid Deconstruct  Erth           #.........   100%        5    ######.


Dungeon Overview and Level Annotations

Branches:
Dungeon (11/15)            Temple (1/1) D:5            Lair (0/6) D:10
    Orc (0/2) D:11

Altars:
Ashenzari
Elyvilon
Fedhas
Gozag
Hepliaklqana
Makhleb
Nemelex Xobeh
Okawaru
Qazlal
Trog
Uskayaw
Vehumet
Xom
Yredelemnul
Zin
The Shining One

Shops:
D:6 [


Innate Abilities, Weirdness & Mutations

You are resistant to damage.
You can heal yourself by infusing magical energy.
You passively map the area around you.
You do not regenerate.


Message History

The polar bear claws you but does no damage.
The polar bear barely misses you.
Aim: a polar bear (moderately wounded)
You create a blast of freezing vapour!
The polar bear is engulfed in freezing vapours. x2
You block the polar bear's attack. x2
The polar bear claws you but does no damage.
You hit the polar bear.
The polar bear is engulfed in freezing vapours. x2
The polar bear bites you but does no damage.
The polar bear barely misses you. You block the polar bear's attack.
You slash the polar bear!
The polar bear is engulfed in freezing vapours.
The polar bear goes berserk!
Your shield and ring mail prevent you from hitting the polar bear.
The polar bear is engulfed in freezing vapours.
You completely miss the frost giant.
The polar bear is engulfed in freezing vapours.
You hear an angry growl.
Aim: a frost giant, wielding a +1 battleaxe of freezing (lightly wounded)
You create a blast of poison gas!
The frost giant is engulfed in poison gas.
The frost giant is poisoned.
The frost giant gestures at you while chanting.
The bolt of cold hits you!! You resist.
* * * LOW HITPOINT WARNING * * *
You feel much better.
The frost giant is engulfed in poison gas.
The frost giant looks even sicker.
You block the frost giant's attack.
You hit the frost giant but do no damage.
You hear an angry growl.
The frost giant is engulfed in poison gas.
The frost giant looks even sicker.
The frost giant hits you with a +1 battleaxe of freezing!!
* * * LOW HITPOINT WARNING * * *
The frost giant freezes you.
* * * LOW HITPOINT WARNING * * *
You hit the frost giant but do no damage.
You hit the frost giant but do no damage.
The frost giant is engulfed in poison gas.
The frost giant looks as sick as possible!
The frost giant hits you with a +1 battleaxe of freezing!!
* * * LOW HITPOINT WARNING * * *
The frost giant freezes you.
* * * LOW HITPOINT WARNING * * *
You feel much better.
The frost giant is engulfed in poison gas.
The frost giant looks as sick as possible!
The frost giant hits you with a +1 battleaxe of freezing!!!
You die...

#÷##
#..#≈#####..#
#..##
##.####..###.#*
##..###..#
#.⌠###..#* *
#...#..##
#...##.##,,
##.....#*
#..#...#, ,
#....##
##.#..## ##..##
##.##### * #..#
#.##.## **##.#
##@#.h# , .##≈≈
##C#h.Y...# *
,# ≈ ≈
#§#..C.#$[ * *
*####kYh# * * *
* ≈ #.## ## , *


You could see a frost giant.

Vanquished Creatures
  Erolcha (D:10)
  A two-headed ogre (D:8)
  An ice statue (IceCv)
  A gargoyle (D:10)
  2 rime drakes (D:11)
  8 polar bears (IceCv)
  2 trolls (D:10)
  2 hippogriffs
  A human (D:7)
  A wraith (D:11)
  4 hogs (D:7)
  26 yaks
  Grum (D:10)
  Menkaure (D:5)
  Duvessa (D:5)
  A water moccasin (D:8)
  A sky beast (D:10)
  5 orc warriors
  4 ice beasts
  2 ogres
  26 wolves
  3 centaurs
  A big kobold (D:8)
  Blork the orc (D:6)
  5 bullfrogs
  A wyvern zombie (D:9)
  A wyvern skeleton (D:10)
  Dowan (D:5)
  3 scorpions
  10 wights
  5 killer bees (D:8)
  A bullfrog zombie (D:10)
  2 crimson imps
  A quasit (D:9)
  6 hounds
  8 orc priests
  A bullfrog skeleton (D:7)
  A gnoll shaman (D:5)
  10 orc wizards
  A centaur skeleton (D:5)
  2 iguanas
  11 worker ants
  4 hound skeletons
  A worker ant zombie (D:9)
  11 adders
  10 gnolls
  A shadow imp (D:8)
  A worm (D:3)
  2 dart slugs (D:1)
  9 leopard geckos
  52 orcs
  3 ball pythons
  3 bats
  8 giant cockroaches
  15 goblins
  10 hobgoblins
  23 jackals
  4 quokkas
  5 frilled lizards
  A jackal skeleton (D:4)
  A jackal zombie (D:5)
  17 kobolds
  A quokka zombie (D:5)
  2 rats
351 creatures vanquished.

Vanquished Creatures (others)
  A sky beast (D:5)
1 creature vanquished.

Grand Total: 352 creatures vanquished

Notes
Turn   | Place    | Note
-------+----------+-------------------------------------------
     0 | D:1      | temitten the Deep Dwarf Fighter began the quest for the
                  | Orb.
     0 | D:1      | Reached XP level 1. HP: 20/20 MP: 1/1
   163 | D:1      | Reached XP level 2. HP: 27/27 MP: 2/2
   404 | D:1      | Reached skill level 3 in Axes
   447 | D:1      | Reached XP level 3. HP: 30/33 MP: 3/3
  1182 | D:2      | Reached XP level 4. HP: 37/42 MP: 4/4
  1247 | D:2      | Found a sparkling altar of Nemelex Xobeh.
  2284 | D:3      | Reached skill level 4 in Axes
  2284 | D:3      | Reached XP level 5. HP: 40/49 MP: 5/5
  2707 | D:4      | Found a white marble altar of Elyvilon.
  2831 | D:4      | Reached XP level 6. HP: 38/56 MP: 6/6
  3255 | D:5      | Entered Level 5 of the Dungeon
  3255 | D:5      | Noticed Duvessa
  3255 | D:5      | Noticed Dowan
  3282 | D:5      | Noticed Menkaure
  3285 | D:5      | Killed Menkaure
  3285 | D:5      | Reached skill level 5 in Axes
  3285 | D:5      | Reached skill level 1 in Evocations
  3320 | D:5      | Reached XP level 7. HP: 47/63 MP: 8/8
  3568 | D:5      | Found a radiant altar of Vehumet.
  3630 | D:5      | Killed Dowan
  3630 | D:5      | Reached skill level 5 in Armour
  3630 | D:5      | Reached skill level 5 in Shields
  3631 | D:5      | Killed Duvessa
  3631 | D:5      | Reached skill level 6 in Axes
  3874 | D:5      | Reached XP level 8. HP: 37/73 MP: 9/9
  3913 | D:5      | Found a staircase to the Ecumenical Temple.
  4099 | Temple   | Entered the Ecumenical Temple
  4118 | Temple   | Became a worshipper of Makhleb the Destroyer
  4183 | D:4      | Found a bloodstained altar of Trog.
  4357 | D:6      | Reached skill level 1 in Invocations
  4442 | D:6      | Noticed Blork the orc
  4453 | D:6      | Killed Blork the orc
  4453 | D:6      | Reached skill level 7 in Axes
  4491 | D:6      | Found Pocownih's Antique Armour Shop.
  4751 | D:6      | Noticed a +0 dagger
  4752 | D:6      | Noticed a +0 dagger
  4759 | D:6      | Found a hide-covered altar of Uskayaw.
  4769 | D:6      | Found a shattered altar of Ashenzari.
  4815 | D:6      | Found a stormy altar of Qazlal.
  4883 | D:7      | Got a tattered robe
  5367 | D:7      | Reached * piety under Makhleb
  5367 | D:7      | Reached skill level 5 in Fighting
  5613 | D:7      | Reached skill level 8 in Axes
  5613 | D:7      | Gained mutation: You passively map the area around you.
                  | [Deep Dwarf growth]
  5613 | D:7      | Reached XP level 9. HP: 30/81 MP: 11/11
  6237 | D:8      | Reached skill level 9 in Axes
  6247 | D:8      | Noticed a two-headed ogre
  6256 | D:8      | Killed a two-headed ogre
  6256 | D:8      | Reached skill level 5 in Invocations
  6352 | D:8      | Reached XP level 10. HP: 28/91 MP: 12/12
  6381 | D:8      | Found a shimmering altar of Xom.
  6708 | D:8      | Found a basalt altar of Yredelemnul.
  6728 | D:8      | Found an iron altar of Okawaru.
  6731 | D:8      | Found a hazy altar of Hepliaklqana.
  6847 | D:8      | Reached ** piety under Makhleb
  6892 | D:9      | Reached skill level 10 in Axes
  7322 | D:10     | Entered Level 10 of the Dungeon
  7409 | D:10     | Noticed Erolcha
  7422 | D:10     | Killed Erolcha
  7470 | D:10     | Noticed Grum
  7483 | D:10     | Killed Grum
  7610 | D:10     | Found a staircase to the Lair.
  7626 | D:10     | Reached skill level 11 in Axes
  7630 | D:10     | Reached *** piety under Makhleb
  7631 | D:10     | Reached XP level 11. HP: 72/99 MP: 13/13
  7969 | D:11     | Reached **** piety under Makhleb
  8037 | D:11     | Found a frozen archway.
  8058 | IceCv    | Entered an ice cave
  8263 | IceCv    | Reached skill level 12 in Axes
  8432 | IceCv    | Got a scintillating pewter ring
  8434 | IceCv    | Identified the ring of Ixkaitin {rC+ MR+ MP+9 Dex+3} (You
                  | found it in an ice cave)
  8650 | IceCv    | Reached ***** piety under Makhleb
  8723 | IceCv    | Reached XP level 12. HP: 66/110 MP: 15/15
  8914 | IceCv    | Noticed a frost giant
  8928 | IceCv    | Mangled by a frost giant

Levels and vault maps discovered:
D:1:      kennysheep_arrival_forest, layout_basic,
          chequers_serial_rivers_micro_a, minmay_stone_trees_small
D:2:      layout_basic, nemelex_altar_shiori, first_ration, st_stairs_2,
          serial_bayou_ford_a, minmay_stone_trees_medium, serial_bayou_lagoon_a,
          hex_medium
D:3:      wad_crossroads, layout_loops_ring
D:4:      layout_basic, lemuel_round_altar, nicolae_overflow_hidden_temple
D:5:      layout_rooms, vehumet_altar_wand_db, temple_hall, uniq_menkaure,
          uniq_duvessa
D:6:      corexii_shack_village, layout_basic, lemuel_doored_altar,
          dancing_weapons_uskayaw, kennysheep_mini_moat, serial_shops,
          nicolae_shop_waterfront, minmay_misc_feat_encased,
          hangedman_abyss_or_decor_stabs, due_unseen_surprise,
          uniq_blork_the_orc
D:7:      layout_loops_corners, grunt_livestock
D:8:      layout_loops_ring, overflow_temple_1_default,
          minmay_overflow_temple_star_quad
D:9:      layout_rooms, minmay_misc_feat_cross
D:10:     layout_roguey, dpeg_oklobed_lair, uniq_erolcha, uniq_grum
D:11:     layout_roguey, hiddenorc2_lemuel, portal_ice_cave_rime,
          chequers_serial_rivers_room_b
Temple:   jpeg_temple_clearing
IceCv:    ice_cave_caverns_01

Skill      XL: |  1  2  3  4  5  6  7  8  9 10 11 12 |
---------------+-------------------------------------+-----
Axes           | 3 4 5 6 8 9 11 12 | 12.7
Fighting       | 3 4 5 6 7 8 |  8.0
Armour         | 4 5 6 7 8 9 |  9.6
Shields        | 4 5 6 7 8 9 |  9.6
Evocations     | 1 3 4 |  4.0
Invocations    | 3 5 7 9 |  9.2

Action                   |  1- 3 |  4- 6 |  7- 9 | 10-12 || total
-------------------------+-------+-------+-------+-------++-------
Melee: War axe           |   112 |   229 |   343 |   698 ||  1382
Throw: Stone             |    69 |    53 |    71 |    58 ||   251
 Abil: Heal Wounds       |     1 |     3 |    11 |    11 ||    26
Evoke: Wand              |       |       |    14 |    27 ||    41
  Use: Scroll            |       |     6 |     5 |     8 ||    19
       Potion            |       |       |     1 |       ||     1
 Stab: Confused          |       |       |       |     1 ||     1
  Eat: Chunk             |     1 |     8 |    10 |    10 ||    29
Armor: Scale mail        |    40 |       |       |       ||    40
       Chain mail        |    17 |   142 |    55 |   122 ||   336
       Ring mail         |       |       |    67 |   187 ||   254
Dodge: Dodged            |    29 |    57 |    87 |   210 ||   383
Block: Shield            |    57 |   142 |   161 |   434 ||   794

Table legend:
 A = Non-vault XP
 B = Vault XP
 C = Vault XP percentage of total XP
 D = Non-vault monster count
 E = Vault monster count
 F = Vault count percentage of total count
                 A         B        C        D         E       F
            +---------+---------+-------+---------+---------+-------
      Total |   10743 |   12767 |  54.3 |     250 |     102 |  29.0
            +---------+---------+-------+---------+---------+-------
        D:1 |      51 |       0 |   0.0 |      25 |       0 |   0.0
        D:2 |      68 |       3 |   4.2 |      18 |       2 |  10.0
        D:3 |      70 |       8 |  10.3 |      21 |       4 |  16.0
        D:4 |     305 |       0 |   0.0 |      26 |       0 |   0.0
        D:5 |     637 |     393 |  38.2 |      27 |       4 |  12.9
        D:6 |     403 |     115 |  22.2 |       7 |      11 |  61.1
        D:7 |     645 |     977 |  60.2 |      19 |       5 |  20.8
        D:8 |    2744 |       0 |   0.0 |      41 |       0 |   0.0
        D:9 |     625 |       0 |   0.0 |      16 |       0 |   0.0
       D:10 |    4743 |    1647 |  25.8 |      42 |       6 |  12.5
       D:11 |     452 |     958 |  67.9 |       8 |      23 |  74.2
      IceCv |       0 |    8666 | 100.0 |       0 |      47 | 100.0
            +---------+---------+-------+---------+---------+-------
